AoeStats
← talaria

Arabia

509784685Analyzed
4v4 RM · 4d ago on Sep 28, 2026· 27m 12s· 8 players
Game mode
Random Map
Map size
Large (8 player)
Population
200
Speed
Normal
Resources
Standard
Victory
Conquest
Starting age
Dark Age
Ending age
Imperial Age
RankedLock teamsTeams togetherTeam positionsShared explorationLock speedFull tech treeHidden civsTurbo modeCheats
Victory
Defeat
🇺🇸 Vietnamese · United States
1244
+13
🇺🇸 Wei · United States
1228
+14
🇬🇧 Britons · United Kingdom
1169
+16
🇹🇼 Aztecs · Taiwan
1166
+16
🇮🇳 Shu · India
1217
-16
🇨🇱 Sicilians · Chile
1214
-16
🇻🇪 Magyars · Venezuela
1144
-14
🇵🇪 Hindustanis · Peru
1128
-13
Bensun
6:13 Loom
9:04 Feudal Age
9:57 Double-Bit Axe
10:23 Horse Collar
16:58 Scale Barding Armor
19:00 Wheelbarrow
21:30 Castle Age
21:37 Bloodlines
21:40 Forging
23:08 Chain Barding Armor
23:21 Bow Saw
23:12 Heavy Plow
24:39 Gold Mining
25:35 Iron Casting
25:45 Husbandry
talaria
6:17 Loom
9:13 Feudal Age
9:59 Double-Bit Axe
14:43 Fletching
16:01 Padded Archer Armor
23:29 Castle Age
24:21 Thumb Ring
24:35 Horse Collar
24:18 Crossbowman
24:59 Gold Mining
26:03 Arson
26:52 Bow Saw
27:05 Bodkin Arrow
FirstPine3880
6:26 Loom
9:27 Feudal Age
17:46 Double-Bit Axe
22:46 Forging
22:26 Fletching
25:13 Castle Age
25:34 Gold Mining
25:17 Crossbowman
26:29 Fletching
26:58 Horse Collar
蛋雕
9:01 Loom
11:20 Feudal Age
12:15 Double-Bit Axe
12:23 Horse Collar
18:23 Wheelbarrow
20:37 Castle Age
19:08 Fletching
19:51 Stone Mining
21:31 Town Watch
21:53 Scale Mail Armor
24:44 Forging
25:35 Eagle Warrior
27:07 Chain Mail Armor
doncath44
8:23 Loom
10:23 Feudal Age
11:29 Double-Bit Axe
12:17 Fletching
20:04 Horse Collar
21:05 Gold Mining
22:06 Padded Archer Armor
25:13 Wheelbarrow
25:41 Scale Mail Armor
Azom
7:16 Loom
11:31 Feudal Age
16:03 Scale Barding Armor
16:20 Horse Collar
Lord_Sipo
5:44 Loom
8:31 Feudal Age
15:10 Double-Bit Axe
20:04 Fletching
21:27 Scale Mail Armor
26:47 Castle Age
26:26 Horse Collar
27:02 Forging
Lord_Ermack
6:18 Loom
9:10 Feudal Age
12:34 Double-Bit Axe
15:27 Scale Barding Armor
18:56 Wheelbarrow
22:10 Bloodlines
26:04 Castle Age
25:30 Horse Collar
25:42 Gold Mining
27:22 Chain Barding Armor
Connection lost

Rejoining the realm…

Still unreachable

The connection could not be restored.

Session expired

The server has moved on; the page needs a fresh start.